 Dungeon Crawl Stone Soup version 0.28.0-45-g0d030f2227 (webtiles) character file.

Game seed: 905926364299538209

330 NinjaNoafa the Skirmisher (level 6, 0/82 HPs)
             Began as a Minotaur Fighter on Apr 4, 2022.
             Was an Initiate of Fedhas.
             Succumbed to an adder's poison
             ... on level 5 of the Dungeon.
             The game lasted 00:08:26 (2912 turns).

NinjaNoafa the Skirmisher (Minotaur Fighter)        Turns: 2912, Time: 00:08:27

Health: 0/82       AC: 11    Str: 22    XL:     6   Next: 26%
Magic:  2/7        EV:  2    Int:  5    God:    Fedhas [......]
Gold:   86         SH:  4    Dex: 10    Spells: 8/8 levels left

rFire   . . .      SeeInvis .   i - +3 dagger
rCold   . . .      Faith    .   c - +0 buckler
rNeg    . . .      Spirit   +   (armour currently unavailable)
rPois   +          Reflect  .   (helmet currently unavailable)
rElec   .          Harm     .   (cloak currently unavailable)
rCorr   .          Rampage  .   (gloves currently unavailable)
Will    .....      NoTele   +   (boots currently unavailable)
Stlth   +.........              e - amulet of guardian spirit
HPRegen 0.23/turn               (no ring)
MPRegen 0.10/turn               (no ring)

@: mighty, lethally poisoned (0 -> -7), tree-form, corroded
A: stationary, stasis, torment immunity, boosted hp, (horns 2), (retaliatory
headbutt)
a: Renounce Religion


You were on level 5 of the Dungeon.
You worshipped Fedhas.
Fedhas was noncommittal.
You were a tree.
You visited 1 branch of the dungeon, and saw 5 of its levels.

You collected 86 gold pieces.

Inventory:

Hand Weapons
 a - a +0 long sword
 i - a +3 dagger (weapon)
 j - a +0 short sword of freezing
 o - a +0 hunting sling
Missiles
 g - 101 stones (quivered)
 n - 5 poisoned darts
 r - 2 atropa-tipped darts
 w - a boomerang
Armour
 b - a +0 scale mail
 c - a +0 buckler (worn)
 f - a +0 ring mail
 u - the +7 ring mail of the Ant (melded) {Harm Rampage}
   (You found it on level 3 of the Dungeon)

   Harm:      It increases damage dealt and taken.
   Rampage:   It bestows one free step when moving towards enemies.
Magical Staves
 p - a staff of cold
Jewellery
 e - an amulet of guardian spirit (around neck)
Scrolls
 h - a scroll of summoning {unknown}
 k - a scroll of amnesia {unknown}
 l - 2 scrolls of teleportation {unknown}
 m - a scroll of fear {unknown}
 q - a scroll of enchant armour {unknown}
 s - a scroll of identify {unknown}
 v - a scroll of blinking {unknown}


   Skills:
 + Level 4.8 Fighting
 - Level 1.1(2.0) Short Blades
 - Level 2.6(2.8) Long Blades
 + Level 4.7 Armour
 + Level 4.7 Shields
 + Level 1.8 Spellcasting
 + Level 1.3 Transmutations
 + Level 1.2 Evocations


You had 8 spell levels left.
You didn't know any spells.
Your spell library contained the following spells:

 Spells                   Type           Power      Damage    Failure   Level
 Beastly Appendage        Tmut           2%         N/A       32%         1
 Wereblood                Tmut           1%         N/A       43%         2
 Spider Form              Tmut/Pois      1%         N/A       78%         3


Dungeon Overview and Level Annotations

Branches:
Dungeon (5/15)
 Temple: D:4-7

Altars:
Elyvilon
Fedhas
Nemelex Xobeh
Trog
Zin
The Shining One


Innate Abilities, Weirdness & Mutations

You are a tree.
Your roots penetrate the ground, keeping you stationary.
You cannot be teleported.
You are immune to unholy pain and torment.
Your maximum health is greatly increased.
Your equipment is partially melded.
((You have a pair of horns on your head.))
((You reflexively headbutt those who attack you in melee.))


Message History

You kill the ice beast!
Fedhas accepts your kill. The adder closely misses you.
The jelly hits you but does no damage. The adder bites you but does no damage.
You have reached level 6!
You hit the jelly. The acid corrodes you!
Your hands burn!
The jelly is moderately wounded.
The jelly misses you. You furiously retaliate!
You headbutt the jelly, but do no damage.
The adder bites you but does no damage.
You hit the jelly. The acid corrodes you!
Your hands burn!
You headbutt the jelly.
The jelly is heavily wounded.
The adder barely misses you. The jelly hits you but does no damage.
You hit the jelly but do no damage.
Your hands burn!
The jelly is heavily wounded.
The adder bites you but does no damage. The jelly hits you.
The acid corrodes you!
You are splashed with acid!
You hit the jelly but do no damage.
Your hands burn!
The jelly is heavily wounded.
The adder bites you.
You are poisoned.
The adder poisons you! The jelly barely misses you. You furiously retaliate!
You headbutt the jelly, but do no damage.
You feel very mighty all of a sudden.
You feel sick. The adder bites you.
* * * LOW HITPOINT WARNING * * *
The jelly hits you.
* * * LOW HITPOINT WARNING * * *
You are splashed with acid!
* * * LOW HITPOINT WARNING * * *
The adder bites you.
* * * LOW HITPOINT WARNING * * *
You are more poisoned.
The adder poisons you!
It was a potion of lignification.
You turn into a tree.
The +7 ring mail of the Ant {Harm Rampage} melds into your body.
Your roots penetrate the ground.
You die...
Fedhas appreciates your contribution to the ecosystem.

#### ......
.... #......
..... .......
..... .......
...... .......
#....##.......
#....JS......
#....♣).....#
###......$..#
....##...#...
####. ..## . ^
### .. .. ...


You could see a jelly and an adder.

Vanquished Creatures
  An ice beast (D:5)
  A scorpion (D:3)
  Natasha (thrice) (D:2)
  A hound skeleton (D:4)
  2 adders
  A worm (D:3)
  2 dart slugs (D:2)
  3 orcs (D:3)
  4 bats
  9 endoplasms
  4 giant cockroaches
  7 goblins
  2 hobgoblins
  6 jackals
  9 kobolds
  2 quokkas
  3 ball pythons (D:1)
  3 frilled lizards (D:2)
  2 rats (D:1)
65 creatures vanquished.

Notes
Turn   | Place    | Note
-------+----------+-------------------------------------------
     0 | D:1      | NinjaNoafa the Minotaur Fighter began the quest for the
                  | Orb.
     0 | D:1      | Reached XP level 1. HP: 19/19 MP: 0/0
    82 | D:1      | Found a faded altar of an unknown god.
   222 | D:1      | Reached XP level 2. HP: 27/27 MP: 1/1
   541 | D:1      | Reached XP level 3. HP: 22/33 MP: 1/3
   836 | D:2      | Reached skill level 1 in Spellcasting
  1103 | D:2      | Noticed Natasha
  1111 | D:2      | Killed Natasha
  1112 | D:2      | Reached skill level 1 in Short Blades
  1112 | D:2      | Reached XP level 4. HP: 35/40 MP: 2/4
  1184 | D:2      | Noticed Natasha
  1192 | D:2      | Killed Natasha
  1282 | D:2      | Noticed Natasha
  1296 | D:2      | Killed Natasha
  1297 | D:2      | Reached XP level 5. HP: 36/47 MP: 6/6
  1420 | D:3      | Found a bloodstained altar of Trog.
  1642 | D:3      | Reached skill level 1 in Transmutations
  1872 | D:3      | Found a glowing silver altar of Zin.
  1872 | D:3      | Found a sparkling altar of Nemelex Xobeh.
  1872 | D:3      | Found a white marble altar of Elyvilon.
  1874 | D:3      | Found a blossoming altar of Fedhas.
  1879 | D:3      | Became a worshipper of Fedhas Madash
  2379 | D:3      | Found a glowing golden altar of the Shining One.
  2381 | D:3      | Identified the +7 ring mail of the Ant {Harm Rampage}
  2719 | D:4      | Reached skill level 1 in Evocations
  2892 | D:5      | Entered Level 5 of the Dungeon
  2892 | D:5      | Noticed an ice beast
  2906 | D:5      | Killed an ice beast
  2907 | D:5      | Reached XP level 6. HP: 42/55 MP: 4/7
  2911 | D:5      | HP: 1/55 [adder (4)]
  2912 | D:5      | Succumbed to an adder's poison

Illustrated notes

Levels and vault maps discovered:
D:1:      minmay_arrival_checkered_box, layout_basic,
          hellmonk_ecumenical_altar_inner_sanctum
D:2:      layout_rooms, uniq_natasha
D:3:      layout_basic, nicolae_tso_carved_into_rock, lemuel_tele_altar,
          minitemple
D:4:      layout_basic
D:5:      layout_rooms, nicolae_wu_jian_glorious_leap, lemuel_temple_firewalk_b,
          hex_intersection

Skill      XL: |  1  2  3  4  5 |
---------------+----------------+-----
Fighting       | 4 |  4.8
Armour         | 4 |  4.7
Shields        | 4 |  4.7
Spellcasting   | 1 |  1.8
Short Blades   | 1 |  1.1
Transmutations | 1 |  1.3
Evocations     | 1 |  1.2
Long Blades    | |  2.6

Action                   |  1- 3 |  4- 6 || total
-------------------------+-------+-------++-------
Melee: Long sword        |    28 |       ||    28
       Headbutt          |     6 |    16 ||    22
       Dagger            |    41 |    76 ||   117
       Short sword       |    11 |       ||    11
       Staff             |       |     5 ||     5
Throw: Stone             |    17 |       ||    17
  Use: Potion            |       |     5 ||     5
Armor: Scale mail        |    57 |    12 ||    69
       Ring mail         |       |    34 ||    34
Dodge: Dodged            |    44 |    36 ||    80
Block: Buckler           |    21 |    11 ||    32
